AoeStats
← NotGG

Lombardia

509453184Analyzed
4v4 RM · 6d ago on Sep 26, 2026· 25m 49s· 8 players
Game mode
Random Map
Map size
Large (8 player)
Population
200
Speed
Normal
Resources
Standard
Victory
Conquest
Starting age
Dark Age
Ending age
Imperial Age
RankedLock teamsTeams togetherTeam positionsShared explorationLock speedFull tech treeHidden civsTurbo modeCheats
Victory
Defeat
🇦🇷 Spanish · Argentina
1260
+14
🇦🇷 Persians · Argentina
1214
+15
🇧🇪 Magyars · Belgium
1205
+16
🇨🇱 Khmer · Chile
1146
+19
🇹🇼 Persians · Taiwan
1223
-17
🇦🇷 Magyars · Argentina
1219
-17
🇭🇷 Aztecs · Croatia
1204
-16
🇺🇸 Saxons · United States
1155
-14
Duck Rattlehead
5:38 Loom
11:17 Feudal Age
15:13 Castle Age
13:55 Double-Bit Axe
14:12 Horse Collar
23:16 Wheelbarrow
26:03 Hand Cart
25:34 Town Watch
25:44 Town Watch
Calcetin
9:10 Loom
11:34 Feudal Age
15:32 Castle Age
14:40 Gold Mining
14:36 Double-Bit Axe
16:58 Horse Collar
19:38 Stone Mining
24:25 Wheelbarrow
25:51 Bow Saw
garciaezequiel91
11:01 Feudal Age
15:35 Castle Age
13:57 Double-Bit Axe
14:14 Horse Collar
16:41 Bow Saw
21:05 Heavy Plow
22:23 Gold Mining
23:33 Padded Archer Armor
24:48 Leather Archer Armor
sabin_schy
12:11 Feudal Age
12:45 Double-Bit Axe
12:42 Horse Collar
15:15 Bloodlines
16:26 Wheelbarrow
16:03 Loom
16:47 Scale Barding Armor
21:25 Castle Age
20:29 Gold Mining
20:30 Stone Mining
21:45 Light Cavalry
22:27 Husbandry
22:49 Chain Barding Armor
22:56 Bow Saw
23:41 Fletching
25:45 Hand Cart
BigPharmA
8:22 Loom
10:31 Feudal Age
13:17 Wheelbarrow
18:02 Castle Age
16:43 Horse Collar
18:33 Double-Bit Axe
22:37 Bow Saw
25:08 Scale Mail Armor
25:19 Forging
DCCHEN
11:21 Feudal Age
11:47 Double-Bit Axe
12:25 Loom
12:43 Horse Collar
15:55 Castle Age
16:57 Bow Saw
17:41 Heavy Plow
22:32 Gold Mining
23:19 Wheelbarrow
Filip_jede_Meso
11:48 Feudal Age
13:14 Loom
16:09 Castle Age
13:58 Loom
14:00 Double-Bit Axe
18:10 Bow Saw
22:04 Squires
22:11 Stone Mining
22:05 Horse Collar
22:40 Man-at-Arms
24:58 Long Swordsman
NotGG
9:37 Feudal Age
10:11 Double-Bit Axe
14:16 Town Watch
15:26 Wheelbarrow
18:06 Castle Age
16:28 Horse Collar
22:10 Bow Saw
22:27 Heavy Plow
23:51 Stone Mining
23:52 Gold Mining
Connection lost

Rejoining the realm…

Still unreachable

The connection could not be restored.

Session expired

The server has moved on; the page needs a fresh start.